 Seeded DCSS version 0.29.1-15-g9cfb28693d (webtiles) character file.

Game seed: 9529714651559989746 (custom seed)

583 Psyclone the Firebug (level 7, 0/38 HPs)
             Began as a Deep Elf Fire Elementalist on Sept 21, 2023.
             Was an Initiate of Gozag.
             Slain by a wraith (4 damage)
             ... in an ossuary.
             The game lasted 00:20:44 (5483 turns).

Psyclone the Firebug (Deep Elf Fire Elementalist)   Turns: 5483, Time: 00:20:45

Health: 0/38       AC:  3    Str:  3 (5)  XL:     7   Next: 14%
Magic:  14/15      EV: 16    Int: 20 (22) God:    Gozag
Gold:   326        SH:  5    Dex: 14 (15) Spells: 4/15 levels left

rFire   . . .      SeeInvis .   C - +5 halberd
rCold   . . .      Faith    .   (shield currently unavailable)
rNeg    . . .      Spirit   .   a - +0 robe
rPois   +          Reflect  +   (no helmet)
rElec   .          Harm     .   (no cloak)
rCorr   .          Rampage  .   y - +0 pair of gloves
Will    .....                   (no boots)
Stlth   ++........              v - amulet of reflection
HPRegen 0.12/turn               e - ring of poison resistance
MPRegen 0.14/turn               m - +4 ring of evasion

@: slowed, invisible, very slow
A: no striking features
a: Renounce Religion, Potion Petition, Call Merchant, Bribe Branch


You were in an ossuary.
You worshipped Gozag.
Gozag was aware of your devotion.
You visited 2 branches of the dungeon, and saw 6 of its levels.
You also visited: Ossuary.

You collected 389 gold pieces.
You paid 63 gold pieces to Gozag.

Inventory:

Hand Weapons
 C - a +5 halberd (weapon)
Armour
 a - a +0 robe (worn)
 y - a +0 pair of gloves (worn)
Jewellery
 e - a ring of poison resistance (left hand)
 m - a +4 ring of evasion (right hand)
 v - an amulet of reflection (around neck)
Wands
 B - a wand of roots (8)
Scrolls
 c - 2 scrolls of fear {unknown}
 d - 3 scrolls of acquirement
 h - 4 scrolls of identify {unknown}
 i - a scroll of noise {unknown}
 j - 2 scrolls of poison {unknown}
 o - 3 scrolls of immolation {unknown}
 r - 3 scrolls of magic mapping {unknown}
 t - a scroll of blinking {unknown}
 u - a scroll of teleportation {unknown}
 x - a scroll of vulnerability {unknown}
Potions
 b - a potion of magic
 g - a potion of degeneration
 k - 2 potions of curing {unknown}
 l - a potion of lignification {unknown}
 n - 2 potions of might {unknown}
 p - a potion of attraction {unknown}
 q - 3 potions of flight {unknown}
 s - a potion of ambrosia {unknown}
 w - 2 potions of brilliance {unknown}
 z - a potion of mutation {unknown}
 A - a potion of haste {unknown}


   Skills:
 * Level 1.6 Fighting
 - Level 2.4 Dodging
 - Level 2.4 Stealth
 + Level 4.5 Spellcasting
 - Level 1.1 Conjurations
 + Level 4.3 Transmutations
 + Level 4.8 Fire Magic
 + Level 4.3 Poison Magic


You had 4 spell levels left.
You knew the following spells:

 Your Spells              Type           Power      Damage    Failure   Level
a - Foxfire               Conj/Fire      64%        2x1d7     3%          1
b - Searing Ray           Conj           16%        2d5       12%         2
c - Conjure Flame         Conj/Fire      16%        6-21      11%         3
s - Ignite Poison         Fire/Tmut/Pois 22%        N/A       6%          3
v - Poisonous Vapours     Pois/Air       26%        N/A       8%          2

Your spell library contained the following spells:

 Spells                   Type           Power      Damage    Failure   Level
 Sting                    Tmut/Pois      88%        1d7       1%          1
 Scorch                   Fire           46%        2d7       2%          2
 Magic Dart               Conj           32%        1d4       8%          1
 Shock                    Conj/Air       24%        1d4       10%         1
 Inner Flame              Hex/Fire       14%        N/A       14%         3
 Olgreb's Toxic Radiance  Pois           22%        N/A       21%         4
 Flame Wave               Conj/Fire      16%        2d7       34%         4
 Sticky Flame             Conj/Fire      16%        2d4       34%         4
 Swiftness                Air            4%         N/A       36%         3
 Fulminant Prism          Conj/Hex       3%         3d6       67%         4
 Airstrike                Air            2%         2d(1-17)  77%         4


Dungeon Overview and Level Annotations

Branches:
Dungeon (5/15) Zot: 25298  Temple (1/1) D:4 Zot: 5884 Ossuary (1/1) Zot: 5328

Altars:
Ashenzari
Cheibriados
Gozag
Makhleb
Nemelex Xobeh
Okawaru
Ru
Sif Muna
Trog
Vehumet
Wu Jian
Xom
Yredelemnul
The Shining One

Shops:
D:1 *

Annotations:
D:2 Sigmund
D:3 3 runed translucent doors, happimess2's ghost, amateur HOFi


Message History

You feel as though you will be slow longer.
You take 3 damage, and have 15/38 hp.
You now have 14/15 mp.
Casting: Foxfire (safe; 3% risk of failure)
Confirm with . or Enter, or press ? or * to list all spells.
You conjure some foxfire!
The foxfire hits the wraith but does no damage. x2
You block the wraith's attack.
You now have 13/15 mp.
Casting: Foxfire (safe; 3% risk of failure)
Confirm with . or Enter, or press ? or * to list all spells.
You conjure some foxfire!
The foxfire hits the wraith.
The wraith is lightly damaged.
The wraith hits you!
* * * LOW HITPOINT WARNING * * *
The wraith drains your vigour!
You feel as though you will be slow longer.
You block the wraith's attack.
You take 8 damage, and have 7/38 hp.
MASSIVE DAMAGE!!
You now have 12/15 mp.
Okay, then.
It was a potion of degeneration.
There was something very wrong with that liquid.
You feel weakened.
You feel dopey.
You feel clumsy.
The foxfire hits the wraith but does no damage.
The wraith is lightly damaged.
The foxfire hits the wraith but does no damage.
The wraith is lightly damaged.
The wraith hits you.
* * * LOW HITPOINT WARNING * * *
The wraith drains your vigour!
You feel as though you will be slow longer.
You take 3 damage, and have 4/38 hp.
It was a potion of invisibility.
You fade into invisibility!
The wraith closely misses you. x2
The wraith attacks as you move away! The wraith barely misses you.
The wraith misses you.
There is an open door here.
The wraith hits you.
You die...
Your body crumbles into a pile of gold.

#.#
###.###
#.....#
#.8.8.#
#.....#
#.8.8.#
#.....#
###W###
###@###
#.'.'.#
###.###
#.'.'.#
###.###
#.'.'.#
###.###
#.'.'.#
###.###


You could see a wraith.

Vanquished Creatures
  Duvessa (D:4)
  A wight (Ossuary)
  Dowan (D:4)
  A hound (D:5)
  3 jellies
  2 orc priests
  Natasha (D:2)
  8 adders
  An ufetubus (D:4)
  2 worms
  2 dart slugs (D:1)
  6 orcs
  7 bats
  5 endoplasms
  4 giant cockroaches
  5 goblins
  7 hobgoblins
  4 jackals (D:1)
  7 kobolds
  6 quokkas
  6 ball pythons
  2 ball python skeletons (Ossuary)
  3 frilled lizards
  2 kobold zombies (Ossuary)
  An orc skeleton (Ossuary)
  2 orc zombies (Ossuary)
  10 rats
100 creatures vanquished.

Vanquished Creatures (others)
  312 foxfires
312 creatures vanquished.

Grand Total: 412 creatures vanquished

Notes
Turn   | Place    | Note
-------+----------+-------------------------------------------
     0 | D:1      | Psyclone the Deep Elf Fire Elementalist began the quest for
                  | the Orb.
     0 | D:1      | Reached XP level 1. HP: 10/10 MP: 6/6
    57 | D:1      | Reached XP level 2. HP: 15/15 MP: 2/8
   155 | D:1      | Identified 3 scrolls of acquirement
   155 | D:1      | Acquired an Everburning Encyclopedia
   180 | D:1      | Learned a level 2 spell: Poisonous Vapours
   305 | D:1      | Reached skill level 1 in Poison Magic
   550 | D:1      | Reached XP level 3. HP: 19/19 MP: 6/9
  1038 | D:1      | Found Balubi's Assorted Antiques.
  1085 | D:2      | Noticed Natasha
  1091 | D:2      | Learned a level 3 spell: Ignite Poison
  1100 | D:2      | Killed Natasha
  1101 | D:2      | Reached XP level 4. HP: 11/24 MP: 0/10
  1111 | D:2      | Reached skill level 1 in Transmutations
  1331 | D:2      | Found a faded altar of an unknown god.
  1883 | D:2      | Noticed Sigmund
  2522 | D:3      | Found a runed translucent gate.
  2522 | D:3      | Found a runed translucent gate.
  2523 | D:3      | Found a runed translucent gate.
  2527 | D:3      | Noticed happimess2's ghost (amateur HOFi)
  2529 | D:3      | Identified the +4 mace of Wamoudyde {distort, rN+}
  2529 | D:3      | Identified the +2 scale mail "Ypug" {rF+ Stlth+}
  2798 | D:3      | Reached XP level 5. HP: 28/28 MP: 7/11
  2858 | D:3      | Identified the +6 short sword "Ivotuko" {vorpal, *Noise rF+
                  | Int+2 SInv}
  3467 | D:4      | Found a staircase to the Ecumenical Temple.
  3483 | Temple   | Entered the Ecumenical Temple
  3490 | Temple   | Became a worshipper of Gozag Ym Sagoz the Greedy
  3880 | D:4      | Reached XP level 6. HP: 32/32 MP: 8/12
  4171 | D:4      | Noticed Duvessa
  4171 | D:4      | Noticed Dowan
  4176 | D:4      | Killed Duvessa
  4290 | D:4      | Killed Dowan
  4407 | D:5      | Entered Level 5 of the Dungeon
  4423 | D:5      | Reached skill level 1 in Fighting
  4566 | D:5      | Learned a level 3 spell: Conjure Flame
  4569 | D:5      | Learned a level 2 spell: Searing Ray
  4585 | D:5      | Found a sand-covered staircase.
  4631 | D:5      | Reached XP level 7. HP: 34/38 MP: 3/15
  4819 | Ossuary  | Entered an ossuary
  5438 | Ossuary  | Noticed a wraith
  5438 | Ossuary  | Noticed a flying skull
  5447 | Ossuary  | Noticed a flying skull
  5456 | Ossuary  | Noticed a wraith
  5483 | Ossuary  | Slain by a wraith

Illustrated notes

Levels and vault maps discovered:
D:1:      minmay_arrival_four_circles, layout_basic, serial_shops,
          nicolae_shop_trees, nicolae_eternal_life, st_stairs_1,
          minmay_small_reverse_x
D:2:      layout_rooms, hellmonk_ecumenical_altar_zigzags, serial_corexii_hall,
          chequers_hall_statues_y, corexii_hall_statues_l, uniq_natasha,
          uniq_sigmund
D:3:      layout_basic, biasface_ghost_orc_armoury
D:4:      layout_basic, minmay_temple_entry_arrows, uniq_duvessa
D:5:      layout_basic, grunt_temple_overflow_open, nicolae_ossuary_entry_plus,
          uniq_prince_ribbit1
Temple:   nicolae_temple_superstar
Ossuary:  ossuary_due_cavern

Skill      XL: |  1  2  3  4  5  6 |
---------------+-------------------+-----
Fire Magic     | 4 |  4.8
Poison Magic   | 1 2 3 4 |  4.3
Transmutations | 2 3 4 |  4.3
Spellcasting   | 4 |  4.5
Fighting       | 1 |  1.6
Dodging        | |  2.4
Stealth        | |  2.4
Conjurations   | |  1.1

Action                   |  1- 3 |  4- 6 |  7- 9 || total
-------------------------+-------+-------+-------++-------
 Cast: Foxfire           |    55 |   109 |    24 ||   188
       Poisonous Vapours |     3 |    10 |     1 ||    14
       Ignite Poison     |       |     4 |       ||     4
  Use: Scroll            |     1 |       |       ||     1
       Potion            |       |       |     2 ||     2
Armor: Robe              |     5 |     3 |       ||     8
Dodge: Dodged            |    18 |    14 |    19 ||    51
Block: Other             |       |     3 |     5 ||     8
